 Dungeon Crawl Stone Soup version 0.31-a0-246-g8cbcc1cb85 (webtiles) character file.

Game seed: 13818154835208315997

8 Iniera the Sneak (level 2, 22/22 HPs)
             Began as a Demonspawn Brigand on July 12, 2023.
             Quit the game on level 1 of the Dungeon.
             The game lasted 00:00:36 (127 turns).

Iniera the Sneak (Demonspawn Brigand)                Turns: 127, Time: 00:00:36

Health: 22/22      AC:  4    Str: 11    XL:     2   Next: 0%
Magic:  2/2        EV: 11    Int: 12    God:
Gold:   0          SH:  0    Dex: 14    Spells: 1/1 levels left

rFire   . . .        a - +2 dagger
rCold   . . .        (no shield)
rNeg    . . .        e - +0 leather armour
rPois   .            (no helmet)
rElec   .            c - +0 cloak
rCorr   .            (no gloves)
SInv    .            (no boots)
Will    .....        (no amulet)
Stlth   ++           (no ring)
HPRegen 0.23/turn    (no ring)
MPRegen 0.08/turn

%: no passive effects
@: no status effects
A: demonic guardian 1
a: no special abilities


You were on level 1 of the Dungeon.
You visited 1 branch of the dungeon, and saw 1 of its levels.

Inventory:

Hand Weapons
 a - a +2 dagger (weapon)
Missiles
 d - 9 poisoned darts (quivered)
 z - 3 curare-tipped darts
Armour
 c - a +0 cloak (worn)
 e - a +0 leather armour (worn)
Scrolls
 b - a scroll of blinking {unknown}


   Skills:
 + Level 2.3 Fighting
 - Level 1.7 Short Blades
 - Level 2.0 Throwing
 + Level 1.3 Dodging
 - Level 3.6 Stealth


You had one spell level left.
You didn't know any spells.
Your spell library was empty.

Dungeon Overview and Level Annotations

Branches:
Dungeon (1/15)

Altars:


Innate Abilities, Weirdness & Mutations

A weak demonic guardian rushes to your aid.


Message History

No target in view!
A ball python comes into view.
Found a scroll labelled XEEBAE VIRYPN.
You see here a ball python corpse.
A ball python is nearby!
A hobgoblin comes into view.
You hit the ball python.
You kill the ball python!
A giant cockroach comes into view.
The giant cockroach bites you but does no damage.
You closely miss the giant cockroach. The giant cockroach barely misses you.
The hobgoblin shouts!
You hit the giant cockroach.
The giant cockroach is severely wounded.
You hear an angry hiss.
The giant cockroach bites you.
You hit the giant cockroach.
The giant cockroach is almost dead.
The giant cockroach closely misses you.
You hit the giant cockroach.
You kill the giant cockroach!
A ball python comes into view.
Training target 2.0 for Throwing reached!
Your Throwing skill increases to level 2!
You hit the hobgoblin.
The hobgoblin is severely wounded.
The hobgoblin closely misses you.
You hit the hobgoblin.
You kill the hobgoblin!
Found a helmet.
Things that are here:
a hobgoblin corpse; a giant cockroach corpse You hit the ball python.
You kill the ball python!
You have reached level 2!
Your demonic ancestry asserts itself...
You feel the presence of a demonic guardian.
Unknown command.
No target in view!
Are you sure you want to abandon this character and quit the game? (Confirm with "yes".)

#.......#
#.#####'#####
#.......####
#######....#
#....# ####
#.†..# [..#
#....# ...#
#....#####...#...
#........@†......
##...#.###...###.
#....... ..#....
#.......?#.# ###
#..####....# #..#
....# #.. ###..
#.. ..


There were no monsters in sight!

Vanquished Creatures
  3 ball pythons (D:1)
  A giant cockroach (D:1)
  A hobgoblin (D:1)
  A kobold (D:1)
  A frilled lizard (D:1)
7 creatures vanquished.

Notes
Turn   | Place    | Note
-------+----------+-------------------------------------------
     0 | D:1      | Iniera the Demonspawn Brigand began the quest for the Orb.
     0 | D:1      | Reached XP level 1. HP: 16/16 MP: 1/1
    59 | D:1      | Reached skill level 1 in Dodging
   127 | D:1      | Gained mutation: A weak demonic guardian rushes to your
                  | aid. [demonic ancestry]
   127 | D:1      | Reached XP level 2. HP: 22/22 MP: 2/2
   127 | D:1      | Quit the game

Illustrated notes

Levels and vault maps discovered:
D:1:      dpeg_arrival_shrine, layout_basic

Skill      XL: |  1 |
---------------+----+-----
Dodging        | 1 |  1.3
Throwing       | 2 |  2.0
Fighting       | |  2.3
Short Blades   | |  1.7
Stealth        | |  3.6

Action                     || total
---------------------------++-------
  Melee: Dagger            ||    17
   Stab: Sleeping          ||     1
 Armour: Robe              ||     2
         Leather armour    ||     1
  Dodge: Dodged            ||     4

Table legend: (Time is in decaauts)
 A = Elapsed time spent in this place.
 B = Non-inter-level travel time spent in this place.
 C = Inter-level travel time spent in this place.
 D = Time resting spent in this place.
 E = Time spent auto-exploring this place.
 F = Levels seen in this place.
 G = Mean time per level.
                   A        B        C        D        E       F      G
               +--------+--------+--------+--------+--------+-----+--------+
         Total |    126 |    126 |      0 |      0 |     72 |   1 |  126.0 |
       Dungeon |    126 |    126 |      0 |      0 |     72 |   1 |  126.0 |
               +--------+--------+--------+--------+--------+-----+--------+

Top non-repeatable levels by time:
     D:1: 126 daAuts
